 Dungeon Crawl Stone Soup version 0.21.1-1-g345015f (webtiles) character file.

1159 wojtek the Cudgeler (level 8, 0/48 HPs)
             Began as a Gargoyle Fighter on July 20, 2018.
             Slain by an ogre
             ... wielding a +0 giant club
              (16 damage)
             ... on level 4 of the Dungeon.
             The game lasted 00:08:01 (4220 turns).

wojtek the Cudgeler (Gargoyle Fighter)              Turns: 4220, Time: 00:08:01

Health: 0/48       AC: 14    Str: 23    XL:     8   Next: 39%
Magic:  8/8        EV:  9    Int:  8    God:
Gold:   195        SH: 10    Dex:  9    Spells: 7/7 levels left

rFire    . . .     SeeInvis .   w - -1 mace (curse)
rCold    . . .     Gourm    .   c - +0 shield
rNeg     + . .     Faith    .   b - +0 scale mail
rPois    ∞         Spirit   .   (no helmet)
rElec    +         Reflect  .   j - +0 cloak
rCorr    +         Harm     .   (no gloves)
MR       .....                  (no boots)
Stlth    ..........             (no amulet)
HPRegen  0.16/turn              g - ring of resist corrosion
MPRegen  0.11/turn              (no ring)

@: no status effects
A: negative energy resistance 1, electricity resistance, unbreathing,
petrification resistance, rot immunity, AC +5
a: no special abilities


You were on level 4 of the Dungeon.
You were not hungry.

You visited 1 branch of the dungeon, and saw 4 of its levels.
You also visited: Sewer.

You collected 195 gold pieces.

Inventory:

Hand Weapons
 a - a +0 flail
 w - a cursed -1 mace (weapon)
 y - a +0 flail
Armour
 b - a +0 scale mail (worn)
 c - a +0 shield (worn)
 j - a +0 cloak (worn)
Jewellery
 g - a ring of resist corrosion (left hand)
Wands
 x - a wand of digging (20)
Scrolls
 e - a scroll of amnesia
 h - 4 scrolls of identify
 k - 3 scrolls of magic mapping
 o - 3 scrolls of enchant armour {unknown}
 p - a scroll of random uselessness {unknown}
 q - 2 scrolls of teleportation {unknown}
 u - a scroll of fear {unknown}
 A - a scroll of fog {unknown}
Potions
 d - 4 potions of might
 i - a potion of haste
 l - a potion of flight {unknown}
 m - a potion of cancellation {unknown}
 n - 2 potions of berserk rage {unknown}
 r - 3 potions of magic {unknown}
 s - a potion of mutation {unknown}
 t - a potion of lignification {unknown}
 z - a potion of curing
Comestibles
 f - 9 rations


   Skills:
 + Level 4.9 Fighting
 + Level 7.3 Maces & Flails
 + Level 4.8 Armour
 + Level 2.4 Dodging
 + Level 4.9 Shields


You had 7 spell levels left.
You didn't know any spells.

Dungeon Overview and Level Annotations

Branches:
Dungeon (4/15)
 Temple: D:4-7

Altars:
Hepliaklqana
Ru
Sif Muna
Uskayaw


Innate Abilities, Weirdness & Mutations

You are resistant to torment.
Your stone body is resilient. (AC +5)
You are immune to poison.
You resist negative energy. (rN+)
You are resistant to electric shocks. (rElec)
You can survive without breathing.
You are immune to petrification.
You are immune to rotting.


Message History

The ogre is severely wounded.
You block the ogre's attack.
You hit the ogre but do no damage.
The ogre is severely wounded.
The ogre hits you with a giant club!
You hit the ogre but do no damage.
The ogre is severely wounded.
The ogre barely misses you.
You hit the ogre.
The ogre is severely wounded.
You hit the ogre but do no damage.
The ogre is severely wounded.
You block the ogre's attack.
Your scale mail prevents you from hitting the ogre.
The ogre is severely wounded.
The ogre closely misses you.
You closely miss the ogre.
The ogre is severely wounded.
The ogre hits you with a giant club!
You die...

#......⌠_##.# #........#.#.))...#
#..##.⌠..#..###..........#.)###.#
#...#...#.#.#.'....[..#..........
#..##..###..#.#.......#.##.....##
##.#..###...#.#..<....#........'.
#.#)##.....'.#..(....#..#.....##
##..###.....###.......##.#.....'.
#<...................###.......##
#.####...#......@....+.....######
#.# #####......O....####..# #...
#.# #........(..# #..# #.## #(##
#.#'#.##'#### #.># #.#.
...#######'#.#.##'########## #.#.
............ #.........# #.#.
##.......... #...<.....# #.#.
#.......... #.........# #.##
##.###...... #.........# #...


You could see an ogre.

Vanquished Creatures
  Sigmund (D:2)
  A phantom (D:4)
  5 big kobolds (Sewer)
  An orc wizard (D:3)
  Crazy Yiuf (D:3)
  2 orc priests
  A bullfrog skeleton (D:4)
  Jessica (D:2)
  Natasha (thrice) (D:3)
  Terence (D:2)
  A gnoll (D:1)
  11 adders
  3 river rats (Sewer)
  6 oozes
  5 worms
  6 leopard geckos
  14 orcs
  4 ball pythons
  3 bats
  9 giant cockroaches
  7 goblins
  8 hobgoblins
  3 jackals (D:4)
  A quokka (D:2)
  4 frilled lizards
  10 kobolds
  A leopard gecko skeleton (D:4)
  16 rats
129 creatures vanquished.

Notes
Turn   | Place    | Note
-------+----------+-------------------------------------------
     0 | D:1      | wojtek the Gargoyle Fighter began the quest for the Orb.
     0 | D:1      | Reached XP level 1. HP: 14/14 MP: 1/1
    73 | D:1      | Reached XP level 2. HP: 19/19 MP: 2/2
    84 | D:1      | Reached skill level 3 in Maces & Flails
   496 | D:1      | Reached XP level 3. HP: 23/23 MP: 3/3
   787 | D:2      | Reached skill level 4 in Maces & Flails
   802 | D:2      | Noticed Sigmund
   861 | D:2      | Reached XP level 4. HP: 19/28 MP: 4/4
  1020 | D:2      | Found a hazy altar of Hepliaklqana.
  1106 | D:2      | Noticed Jessica
  1107 | D:2      | Noticed Terence
  1117 | D:2      | Killed Jessica
  1124 | D:2      | Killed Terence
  1124 | D:2      | Reached skill level 5 in Maces & Flails
  1124 | D:2      | Reached XP level 5. HP: 14/32 MP: 5/5
  1320 | D:2      | Found a deep blue altar of Sif Muna.
  1402 | D:2      | Killed Sigmund
  1402 | D:2      | Reached skill level 6 in Maces & Flails
  1402 | D:2      | Reached XP level 6. HP: 37/37 MP: 6/6
  1456 | D:2      | Found a sacrificial altar of Ru.
  1886 | D:3      | Noticed Natasha
  1896 | D:3      | Killed Natasha
  1900 | D:3      | Noticed Natasha
  1910 | D:3      | Killed Natasha
  2081 | D:3      | Reached XP level 7. HP: 17/42 MP: 7/7
  2181 | D:3      | Found a runed door.
  2196 | D:3      | Noticed Natasha
  2208 | D:3      | Killed Natasha
  2208 | D:3      | Reached skill level 1 in Dodging
  2443 | D:3      | Found a glowing drain.
  2457 | Sewer    | Entered a sewer
  2882 | Sewer    | Reached skill level 7 in Maces & Flails
  2924 | Sewer    | Reached XP level 8. HP: 45/48 MP: 8/8
  3496 | D:3      | Noticed Crazy Yiuf
  3513 | D:3      | Killed Crazy Yiuf
  3646 | D:4      | Found a deep blue altar of Sif Muna.
  3704 | D:4      | Found a hide-covered altar of Uskayaw.
  4220 | D:4      | Slain by an ogre

Skill      XL: |  1  2  3  4  5  6  7 |
---------------+----------------------+-----
Maces & Flails | 3 4 5 6 7 |  7.3
Dodging        | 2 |  2.4
Fighting       | 4 |  4.9
Shields        | 4 |  4.9
Armour         | 4 |  4.8

Action                   |  1- 3 |  4- 6 |  7- 9 || total
-------------------------+-------+-------+-------++-------
Melee: Flail             |   126 |   169 |   208 ||   503
       Mace              |       |       |   110 ||   110
  Use: Scroll            |       |     3 |     1 ||     4
  Eat: Chunk             |       |     4 |     8 ||    12
Armor: Scale mail        |    92 |    74 |   133 ||   299
Dodge: Dodged            |    54 |    61 |    73 ||   188
Block: Shield            |    65 |    80 |   126 ||   271
